 Dungeon Crawl Stone Soup version 0.25-a0-737-g26c3a87c45 (webtiles) character file.

Game seed: 6826049403502762205, levelgen mode: deterministic

11983 Esekla the Skirmisher (level 11, -5/84 HPs)
             Began as a Barachi Warper on Apr 11, 2020.
             Was a High Priest of Vehumet.
             Slain by an orc warrior
             ... wielding a +0 trident
             ... led by an orc knight
              (19 damage)
             ... on level 1 of the Orcish Mines.
             The game lasted 03:06:11 (14267 turns).

Esekla the Skirmisher (Barachi Warper)             Turns: 14267, Time: 03:06:11

Health: -5/84      AC: 16    Str: 13    XL:     11   Next: 86%
Magic:  12/20      EV: 13    Int: 17    God:    Vehumet [*****.]
Gold:   403        SH:  5    Dex: 15    Spells: 3/22 levels left

rFire    + . .     SeeInvis .   v - +2 dagger (venom)
rCold    . . .     Gourm    .   H - +2 buckler
rNeg     . . .     Faith    .   W - +1 ring mail {rPois}
rPois    +         Spirit   .   F - +1 helmet
rElec    .         Reflect  .   m - +0 cloak
rCorr    .         Harm     .   i - +2 pair of gloves {archery}
MR       .....                  (no boots)
Stlth    ++........             (no amulet)
HPRegen  0.24/turn              c - ring of wizardry
MPRegen  0.17/turn              r - +3 ring of protection

@: slow
A: +LOS, swims, camouflage 1, agile 1, clever 1, fire resistance 1, slowness 1,
strong legs 1
a: Hop, Renounce Religion


You were on level 1 of the Orcish Mines.
You worshipped Vehumet.
Vehumet was extremely pleased with you.
You were hungry.

You visited 3 branches of the dungeon, and saw 13 of its levels.

You collected 803 gold pieces.
You spent 400 gold pieces at shops.

Inventory:

Hand Weapons
 a - a +0 falchion
 d - a +5 dagger
 v - a +2 dagger of venom (weapon)
 D - a +3 spear of pain
 J - a +2 shortbow of flaming
 Q - a +2 trident of flaming
 R - a +3 spear of venom
 U - a +2 vampiric spear
Missiles
 e - 5 boomerangs of dispersal
 q - 31 boomerangs (quivered)
 Z - 86 arrows
Armour
 i - a +2 pair of gloves of archery (worn)
 m - a +0 cloak (worn)
 F - a +1 helmet (worn)
 H - a +2 buckler (worn)
 I - +1 steam dragon scales
 N - a +2 robe of cold resistance
 W - a +1 ring mail of poison resistance (worn)
Jewellery
 c - a ring of wizardry (left hand)
 o - an uncursed ring of stealth
 r - a +3 ring of protection (right hand)
 x - an uncursed ring of protection from fire
 y - an uncursed ring of poison resistance
 z - an uncursed ring of see invisible
 Y - an uncursed ring of resist corrosion
Wands
 b - a wand of iceblast (22)
 n - a wand of digging (6)
 K - a wand of disintegration (21)
 M - a wand of acid (16)
 P - a wand of paralysis (6)
Scrolls
 h - 4 scrolls of teleportation
 k - 5 scrolls of fear
 l - 2 scrolls of identify
 u - 2 scrolls of blinking
 A - 3 scrolls of fog
 G - 5 scrolls of remove curse
 L - 2 scrolls of enchant armour
 V - a scroll of magic mapping
 X - a scroll of silence
Potions
 g - a potion of haste
 j - 3 potions of curing
 p - 4 potions of brilliance
 s - 3 potions of mutation
 t - 3 potions of magic
 w - 4 potions of flight
 B - a potion of might
 C - a potion of cancellation
 E - 2 potions of lignification
 O - a potion of heal wounds
 S - a potion of resistance
 T - 2 potions of invisibility
Comestibles
 f - 14 rations


   Skills:
 + Level 7.5 Fighting
 + Level 7.0(8.1) Short Blades
 + Level 7.0(8.6) Long Blades
 + Level 0.5 Polearms
 + Level 5.1 Throwing
 * Level 3.3 Armour
 + Level 6.3 Dodging
 * Level 6.3 Spellcasting
 + Level 5.2 Conjurations
   Level 4.0 Hexes
 + Level 4.9 Charms
   Level 3.6 Necromancy
 + Level 4.9 Translocations
 * Level 4.3 Ice Magic
 * Level 3.7 Air Magic
 * Level 4.9 Poison Magic


You had 3 spell levels left.
You knew the following spells:

 Your Spells              Type           Power        Failure   Level  Hunger
a - Airstrike             Air            ###.......   11%         4    ####...
b - Blink                 Tloc           N/A          3%          2    None
c - Mephitic Cloud        Conj/Pois/Air  ###.....     2%          3    ##.....
d - Static Discharge      Conj/Air       ###.....     2%          3    ##.....
e - Frozen Ramparts       Ice            ###...       2%          3    ##.....
g - Shroud of Golubria    Chrm/Tloc      ###...       3%          2    None
v - Poisonous Vapours     Pois/Air       ###...       4%          2    None

Your spell library contained the following spells:

 Spells                   Type           Power        Failure   Level  Hunger
 Dazzling Flash           Conj/Hex       ###...       2%          3    ##.....
 Corona                   Hex            ###....      3%          1    None
 Animate Skeleton         Necr           N/A          4%          1    None
 Pain                     Necr           ###.         4%          1    None
 Ensorcelled Hibernation  Hex/Ice        ###...       4%          2    None
 Sting                    Tmut/Pois      ##..         6%          1    None
 Gell's Gravitas          Tloc           ###.......   7%          3    ##.....
 Lesser Beckoning         Tloc           ###.......   7%          3    ##.....
 Teleport Other           Tloc           ###.....     7%          3    ##.....
 Ignite Poison            Fire/Tmut/Pois ##......     8%          3    ##.....
 Confusing Touch          Hex            ###.....     10%         3    ##.....
 Tukima's Dance           Hex            ###.....     10%         3    ##.....
 Vampiric Draining        Necr           ###.......   12%         3    ##.....
 Olgreb's Toxic Radiance  Pois           ###.....     7%          4    ####...
 Passage of Golubria      Tloc           N/A          22%         4    ####...
 Animate Dead             Necr           N/A          34%         4    ####...
 Agony                    Necr           ###.....     69%         5    #####..


Dungeon Overview and Level Annotations

Branches:
Dungeon (11/15)            Temple (1/1) D:5            Lair (0/6) D:10
    Orc (1/2) D:11

Altars:
Ashenzari
Cheibriados
Dithmenos
Elyvilon
Fedhas
Gozag
Hepliaklqana
Kikubaaqudgha
Makhleb
Nemelex Xobeh
Okawaru
Qazlal
Ru
Sif Muna
Trog
Uskayaw
Vehumet
Wu Jian
Xom
Yredelemnul
Zin
The Shining One

Shops:
D:6 *   D:7 :   D:9 :   D:11 *

Annotations:
D:7 2 transporters, TrebMcFLY's ghost, novice HaFi
D:10 exclusion: oklob plant


Innate Abilities, Weirdness & Mutations

You can be seen from farther away. (+LOS)
You can swim through water.
You cover ground slowly.
You can hop short distances.
Your skin changes colour to match your surroundings (Stealth+).
You are agile. (Dex +2)
Your mind is acute. (Int +2)
Your flesh is heat resistant. (rF+)


Message History

You hit the orc priest.
The orc priest is heavily wounded.
The orc warrior hits you with a +0 trident!
Your +2 dagger of venom begins to drip with poison!
v - a +2 dagger of venom (weapon)
The orc priest hits you but does no damage.
The orc priest hits the orc wizard with a +0 hand axe.
The orc knight is engulfed in noxious fumes.
The orc knight appears confused.
The orc wizard is engulfed in noxious fumes.
You kill the orc wizard!
Vehumet accepts your kill.
You hit the orc warrior.
The orc warrior is poisoned.
The orc warrior is almost dead.
The orc warrior hits you with a +0 trident!!
* * * LOW HITPOINT WARNING * * *
Unknown command.
The orc priest barely misses you.
The orc warrior hits you from afar with a +0 trident!!
You die...

## ##### ##.#####.#.#####
#....##.....##.##
#....#.@[o..o..# ..
#.....o)[..).## ....
######.#.#.$o.)....#.$....
##.##.....#....#...........
#..............##.....#....
##.##.#.......###..........
#...###.......##..........$
##.#####...................
#....####..............$...


You could see an orc knight (confused), an orc warrior and 2 orc priests.

Vanquished Creatures
  Snorg (D:11)
  2 two-headed ogres
  Pikel (D:9)
  A manticore (D:11)
  Maggie (D:6)
  2 trolls
  4 yaks (D:11)
  2 wyverns
  A human (D:8)
  2 hungry ghosts
  A soldier ant (D:11)
  A water moccasin (D:6)
  9 orc warriors
  3 ice beasts
  4 slaves (D:8)
  A sky beast (D:5)
  2 phantoms
  A black bear (D:10)
  A necrophage (D:6)
  An eye of draining (D:11)
  5 ogres
  2 wolves (D:9)
  2 centaurs
  5 big kobolds
  6 bullfrogs
  A wyvern zombie (D:8)
  11 gnoll sergeants
  6 scorpions
  6 killer bees (D:10)
  An electric eel (D:9)
  4 howler monkeys
  5 crimson imps
  11 hounds
  2 quasits
  2 centaur skeletons
  4 jellies
  A centaur zombie (D:7)
  7 orc priests
  3 gnoll shamans (D:9)
  9 orc wizards
  2 bullfrog skeletons
  Jessica (D:2)
  An iguana (D:7)
  Terence (D:2)
  11 worker ants
  A killer bee zombie (D:7)
  2 hound zombies
  A hound skeleton (D:4)
  A worker ant zombie (D:9)
  44 gnolls
  8 adders
  3 shadow imps
  4 worms
  2 dart slugs
  5 leopard geckos
  37 orcs
  5 giant cockroaches
  11 goblins
  7 hobgoblins
  6 jackals
  4 quokkas
  2 ball pythons (D:3)
  7 bats
  11 frilled lizards
  A jackal skeleton (D:4)
  18 kobolds
  A quokka skeleton (D:6)
  7 rats
338 creatures vanquished.

Vanquished Creatures (others)
  An electric eel (D:9)
1 creature vanquished.

Grand Total: 339 creatures vanquished

Notes
Turn   | Place    | Note
-------+----------+-------------------------------------------
     0 | D:1      | Esekla the Barachi Warper began the quest for the Orb.
     0 | D:1      | Reached XP level 1. HP: 17/17 MP: 3/3
   117 | D:1      | Reached XP level 2. HP: 14/24 MP: 5/5
   122 | D:1      | Learned a level 2 spell: Shroud of Golubria
   125 | D:1      | Learned a level 2 spell: Blink
   657 | D:1      | Reached XP level 3. HP: 29/29 MP: 3/6
   890 | D:2      | Noticed Jessica
   902 | D:2      | Found a transporter.
   909 | D:2      | Found a transporter.
   937 | D:2      | Found a shadowy altar of Dithmenos.
   983 | D:2      | Noticed Terence
  1013 | D:2      | Killed Terence
  1284 | D:2      | Reached XP level 4. HP: 35/35 MP: 4/7
  1899 | D:3      | Gained mutation: Your mind is acute. (Int +2) [potion of
                  | mutation]
  1899 | D:3      | Gained mutation: Your flesh is heat resistant. (rF+)
                  | [potion of mutation]
  1899 | D:3      | Gained mutation: You are clumsy. (Dex -2) [potion of
                  | mutation]
  1899 | D:3      | Gained mutation: You are partially covered in icy blue
                  | scales. (AC +2) [potion of mutation]
  2119 | D:3      | Reached XP level 5. HP: 34/42 MP: 8/8
  2431 | D:2      | Found a basalt altar of Yredelemnul.
  2431 | D:2      | Found a radiant altar of Vehumet.
  2436 | D:2      | Found a faded altar of an unknown god.
  2438 | D:2      | Found an ornate altar of the Wu Jian Council.
  2439 | D:2      | Found a faded altar of an unknown god.
  2459 | D:2      | Became a worshipper of Vehumet
  2612 | D:2      | Killed Jessica
  2612 | D:2      | Reached skill level 1 in Charms
  2762 | D:2      | Reached skill level 1 in Short Blades
  2807 | D:2      | Reached XP level 6. HP: 29/48 MP: 8/10
  2990 | D:3      | Learned a level 1 spell: Corona
  3353 | D:4      | Reached * piety under Vehumet
  3353 | D:4      | Offered knowledge of Freeze by Vehumet.
  3877 | D:4      | Reached skill level 1 in Hexes
  3877 | D:4      | Reached XP level 7. HP: 55/55 MP: 11/11
  4184 | D:5      | Entered Level 5 of the Dungeon
  4234 | D:5      | Reached skill level 5 in Long Blades
  4415 | D:5      | Found a staircase to the Ecumenical Temple.
  4694 | D:6      | HP: 2/55 [orc wizard/puff of frost (8)]
  4984 | Temple   | Entered the Ecumenical Temple
  5132 | D:5      | Reached XP level 8. HP: 48/61 MP: 12/12
  5396 | D:6      | Reached skill level 5 in Fighting
  5707 | D:6      | Found a blossoming altar of Fedhas.
  5929 | D:6      | Found Roeppam's General Store.
  6612 | D:6      | Reached ** piety under Vehumet
  6616 | D:6      | Offered knowledge of Foxfire by Vehumet.
  6889 | D:7      | Reached XP level 9. HP: 65/68 MP: 14/14
  6942 | D:7      | Learned a level 3 spell: Vampiric Draining
  7060 | D:7      | Noticed Maggie
  7095 | D:6      | Killed Maggie
  7160 | D:7      | Reached skill level 1 in Necromancy
  7212 | D:7      | Found a transporter.
  7212 | D:7      | Noticed TrebMcFLY's ghost (novice HaFi)
  7213 | D:7      | Found a transporter.
  7285 | D:7      | Found Debeapun's Book Shop.
  7646 | D:8      | Noticed a two-headed ogre
  7880 | D:6      | Offered knowledge of Mephitic Cloud by Vehumet.
  7887 | D:6      | Learned a level 3 spell: Mephitic Cloud
  8019 | D:7      | Reached skill level 5 in Short Blades
  8592 | D:8      | Reached skill level 1 in Conjurations
  8592 | D:8      | Reached skill level 1 in Air Magic
  8605 | D:8      | Reached *** piety under Vehumet
  8692 | D:8      | Killed a two-headed ogre
  8692 | D:8      | Reached skill level 1 in Poison Magic
  8692 | D:8      | Reached XP level 10. HP: 54/77 MP: 8/16
  9188 | D:9      | Noticed Pikel
  9192 | D:9      | Found Ellizume's Book Shop.
  9505 | D:9      | Killed Pikel
  9535 | D:9      | Bought a Young Poisoner's Handbook for 400 gold pieces
  9538 | D:9      | Learned a level 2 spell: Poisonous Vapours
  9575 | D:9      | Reached skill level 5 in Dodging
  9705 | D:9      | Offered knowledge of Frozen Ramparts by Vehumet.
  9710 | D:9      | Learned a level 3 spell: Frozen Ramparts
 10629 | D:9      | Reached **** piety under Vehumet
 10875 | D:9      | Lost mutation: You are partially covered in icy blue
                  | scales. (AC +2) [potion of mutation]
 10875 | D:9      | Lost mutation: You are clumsy. (Dex -2) [potion of
                  | mutation]
 10875 | D:9      | Gained mutation: Your skin changes colour to match your
                  | surroundings (Stealth+). [potion of mutation]
 10875 | D:9      | Gained mutation: You are agile. (Dex +2) [potion of
                  | mutation]
 11120 | D:9      | Offered knowledge of Static Discharge by Vehumet.
 11197 | D:10     | Entered Level 10 of the Dungeon
 11312 | D:10     | Noticed a two-headed ogre
 11323 | D:10     | Learned a level 3 spell: Static Discharge
 11361 | D:10     | Killed a two-headed ogre
 11361 | D:10     | Reached skill level 1 in Ice Magic
 11478 | D:10     | Reached skill level 5 in Spellcasting
 11478 | D:10     | Reached XP level 11. HP: 69/84 MP: 13/18
 11559 | D:10     | Found a staircase to the Lair.
 11559 | D:10     | Noticed an oklob plant
 11926 | D:10     | Found a sacrificial altar of Ru.
 12324 | D:11     | Noticed Snorg
 12716 | D:11     | Noticed a manticore
 12761 | D:11     | Killed a manticore
 12871 | D:11     | Reached ***** piety under Vehumet
 12871 | D:11     | Offered knowledge of Airstrike by Vehumet.
 13209 | D:11     | Found Namp's General Store.
 13277 | D:11     | Killed Snorg
 13277 | D:11     | Reached skill level 5 in Throwing
 13277 | D:11     | Reached skill level 5 in Conjurations
 13441 | D:11     | Learned a level 4 spell: Airstrike
 13562 | D:11     | Found a staircase to the Orcish Mines.
 13691 | Orc:1    | Entered Level 1 of the Orcish Mines
 13879 | Orc:1    | Noticed an orc knight
 13885 | Orc:1    | Noticed an orc sorcerer
 14267 | Orc:1    | Slain by an orc warrior

Levels and vault maps discovered:
D:1:      dpeg_arrival_arbitrary_c, layout_loops_cross, hangedman_glass_teeth
D:2:      layout_loops_ring, gammafunk_temple_overflow_arena,
          chequers_temple_overflow_minitemple, uniq_terence, uniq_jessica
D:3:      layout_loops_ring, first_ration, minmay_unequal
D:4:      layout_gridville
D:5:      layout_cave_pools, minmay_temple_entry_trees
D:6:      layout_layer_cave, serial_shops, shop, basic_altar
D:7:      layout_rooms, serial_shops, shop, gammafunk_ghost_smash, uniq_maggie
D:8:      layout_basic, grunt_pizzeria
D:9:      layout_cave_pools, serial_gnoll_camp, gnoll_camp_huts_moat,
          gnoll_camp_mini_shop, gnoll_camp_mini_loothouse,
          gnoll_camp_mini_house, gnoll_camp_medium_01, gnoll_camp_mini_basic,
          uniq_pikel
D:10:     layout_loops_ring, dpeg_oklobed_lair, basic_altar, hex_medium,
          kennysheep_generic_room_6
D:11:     layout_cave_pools, kennysheep_orc_monster_closet_entryway,
          serial_shops, shop, serial_column_ruins, column_ruins_open_tiny,
          column_ruins_grid_1, column_ruins_open_tiny, column_ruins_open_tiny,
          column_ruins_grid_3, column_ruins_corridor_straight,
          column_ruins_grid_3, uniq_snorg
Temple:   nicolae_temple_no_exploring_needed
Orc:1:    layout_caves

Skill      XL: |  1  2  3  4  5  6  7  8  9 10 11 |
---------------+----------------------------------+-----
Fighting       | 3 4 5 6 7 |  7.5
Long Blades    | 3 4 5 6 7 |  7.0
Armour         | 2 3 |  3.3
Charms         | 1 2 3 4 |  4.9
Short Blades   | 1 2 3 4 5 6 7 |  7.0
Dodging        | 3 4 5 6 |  6.3
Hexes          | 1 2 3 4 |  4.0
Throwing       | 2 3 4 5 |  5.1
Spellcasting   | 3 4 5 6 |  6.3
Translocations | 4 |  4.9
Necromancy     | 2 3 |  3.6
Conjurations   | 2 4 5 |  5.2
Air Magic      | 2 3 |  3.7
Poison Magic   | 1 3 4 |  4.9
Ice Magic      | 1 4 |  4.3
Polearms       | |  0.5

Action                   |  1- 3 |  4- 6 |  7- 9 | 10-12 || total
-------------------------+-------+-------+-------+-------++-------
Melee: Falchion          |   118 |    53 |       |       ||   171
       Dagger            |       |   170 |   440 |   729 ||  1339
       Spear             |       |       |       |     9 ||     9
       Trident           |       |       |       |    16 ||    16
Throw: Boomerang         |    12 |    25 |    92 |    85 ||   214
 Cast: Shroud of Golubri |     5 |    10 |    24 |    17 ||    56
       Corona            |       |       |     7 |       ||     7
       Blink             |       |       |     9 |     9 ||    18
       Mephitic Cloud    |       |       |     6 |    37 ||    43
       Frozen Ramparts   |       |       |       |     9 ||     9
       Poisonous Vapours |       |       |       |    27 ||    27
       Static Discharge  |       |       |       |     4 ||     4
 Abil: Hop               |       |     2 |     4 |     2 ||     8
Evoke: Wand              |       |       |     1 |       ||     1
  Use: Scroll            |       |    10 |     6 |    13 ||    29
       Potion            |       |     1 |     4 |     1 ||     6
 Stab: Sleeping          |       |     8 |     3 |     2 ||    13
       Confused          |       |       |     2 |    27 ||    29
  Eat: Chunk             |     1 |    10 |    20 |    16 ||    47
       Ration            |       |       |       |     3 ||     3
Armor: Leather armour    |    33 |    89 |   114 |       ||   236
       Steam dragon scal |       |       |    40 |   254 ||   294
       Ring mail         |       |       |       |    31 ||    31
Dodge: Dodged            |    86 |   147 |   234 |   492 ||   959
Block: Buckler           |       |       |       |    15 ||    15
       Rpst.: Falchion   |    34 |    13 |       |       ||    47

Table legend:
 A = Non-vault XP
 B = Vault XP
 C = Vault XP percentage of total XP
 D = Non-vault monster count
 E = Vault monster count
 F = Vault count percentage of total count
                 A         B        C        D         E       F
            +---------+---------+-------+---------+---------+-------
      Total |   11932 |    5187 |  30.3 |     250 |      85 |  25.4
            +---------+---------+-------+---------+---------+-------
        D:1 |      35 |       0 |   0.0 |      24 |       0 |   0.0
        D:2 |     199 |     159 |  44.4 |      23 |       6 |  20.7
        D:3 |      77 |       4 |   4.9 |      22 |       3 |  12.0
        D:4 |     255 |       0 |   0.0 |       8 |       0 |   0.0
        D:5 |     605 |       0 |   0.0 |      16 |       0 |   0.0
        D:6 |    1159 |     359 |  23.6 |      30 |       1 |   3.2
        D:7 |     889 |       0 |   0.0 |      24 |       0 |   0.0
        D:8 |    1646 |     221 |  11.8 |      13 |       3 |  18.8
        D:9 |     427 |    2017 |  82.5 |      11 |      49 |  81.7
       D:10 |    3250 |     103 |   3.1 |      34 |       2 |   5.6
       D:11 |    2921 |    2324 |  44.3 |      32 |      21 |  39.6
      Orc:1 |     469 |       0 |   0.0 |      13 |       0 |   0.0
            +---------+---------+-------+---------+---------+-------
